 Dungeon Crawl Stone Soup version 0.28-a0-1128-gb845255321 (console) character file.

Game seed: 7711171458069147860

7416 amateurhour the Grappler (level 10, -6/95 (96) HPs)
             Began as a Troll Monk on Dec 12, 2021.
             Was a High Priest of Nemelex Xobeh.
             Mangled by a thrashing horror (11 damage)
             ... on level 2 of the Abyss.
             The game lasted 00:19:02 (7020 turns).

amateurhour the Grappler (Troll Monk)               Turns: 7020, Time: 00:19:02

HP:   -6/95 (96)    AC:  9    Str: 23    XL:     10   Next: 93%
MP:   9/9           EV: 12    Int:  6    God:    Nemelex Xobeh [*****.]
Gold: 523           SH:  0    Dex: 14    Spells: 9/9 levels left

rFire   . . .      SeeInvis .     - Unarmed
rCold   . . .      Faith    .   (no shield)
rNeg    . . .      Spirit   .   C - +0 acid dragon scales
rPois   .          Reflect  .   (helmet restricted)
rElec   .          Harm     .   m - +0 cloak
rCorr   +          Rampage  .   (gloves unavailable)
Will    .....                   (boots unavailable)
Stlth   ++........              (no amulet)
HPRegen 1.05/turn               (no ring)
MPRegen 0.11/turn               (no ring)

@: lightly drained
A: large, unfitting armour, claws 3, regeneration 1, shaggy fur 1, tough skin 1
a: Renounce Religion, Draw Escape, Draw Destruction, Draw Summoning, Triple
Draw, Deal Four, Stack Five


You were on level 2 of the Abyss.
You worshipped Nemelex Xobeh.
Nemelex Xobeh was extremely pleased with you.
You visited 1 branch of the dungeon, and saw 9 of its levels.
You visited the Abyss 1 time.
You also visited: Sewer.

You collected 523 gold pieces.

Inventory:

Armour
 m - a +0 cloak (worn)
 C - +0 acid dragon scales (worn)
Jewellery
 p - an amulet of faith
 B - a ring of ice
Wands
 q - a wand of polymorph (16)
 t - a wand of digging (3)
Scrolls
 b - 5 scrolls of teleportation
 f - 2 scrolls of vulnerability
 g - a scroll of holy word
 h - 3 scrolls of amnesia
 j - 2 scrolls of noise
 o - 2 scrolls of fear
 v - a scroll of brand weapon {unknown}
 x - a scroll of enchant armour {unknown}
 y - a scroll of enchant weapon {unknown}
Potions
 c - 2 potions of curing
 d - 3 potions of might
 e - a potion of ambrosia
 i - 2 potions of cancellation
 l - a potion of mutation
 n - 3 potions of haste
 r - a potion of resistance
 s - a potion of invisibility {unknown}
 w - a potion of attraction {unknown}
 z - a potion of flight {unknown}
 A - 2 potions of heal wounds {unknown}


   Skills:
 + Level 5.0 Fighting
 + Level 2.2 Armour
 + Level 6.8 Dodging
 + Level 3.7 Stealth
 + Level 12.8 Unarmed Combat


You had 9 spell levels left.
You didn't know any spells.
Your spell library contained the following spells:

 Spells                   Type           Power      Damage    Failure   Level
 Foxfire                  Conj/Fire      0%         2x1d4     52%         1
 Sandblast                Erth           0%         2d4       52%         1
 Shock                    Conj/Air       0%         1d3       52%         1
 Sting                    Tmut/Pois      0%         1d3       52%         1
 Corpse Rot               Necr/Air       0%         N/A       67%         2
 Ensorcelled Hibernation  Hex/Ice        0%         N/A       67%         2
 Passwall                 Tmut/Erth      0%         N/A       67%         2
 Poisonous Vapours        Pois/Air       0%         N/A       67%         2
 Sublimation of Blood     Necr           0%         N/A       67%         2
 Conjure Flame            Conj/Fire      0%         6-21      88%         3
 Gell's Gravitas          Tloc           0%         N/A       88%         3
 Inner Flame              Hex/Fire       0%         N/A       88%         3
 Lesser Beckoning         Tloc           0%         N/A       88%         3
 Stone Arrow              Conj/Erth      0%         3d7       88%         3
 Swiftness                Air            0%         N/A       88%         3
 Teleport Other           Tloc           0%         N/A       88%         3
 Tukima's Dance           Hex            0%         N/A       88%         3
 Airstrike                Air            0%         N/A       99%         4
 Animate Armour           Summ/Erth      0%         N/A       99%         4
 Flame Wave               Conj/Fire      0%         2d4       99%         4
 Olgreb's Toxic Radiance  Pois           0%         N/A       99%         4
 Petrify                  Tmut/Erth      0%         N/A       99%         4
 Summon Ice Beast         Ice/Summ       0%         N/A       99%         4
 Irradiate                Conj/Tmut      0%         3d13      100%        5
 Summon Mana Viper        Hex/Summ       0%         N/A       100%        5
 Monstrous Menagerie      Summ           0%         N/A       100%        7
 Lehudib's Crystal Spear  Conj/Erth      0%         10d2      100%        8


Dungeon Overview and Level Annotations

Branches:
Dungeon (9/15)             Temple (0/1) D:7           Sewer (visited)
   Lair: D:8-11         Orc: D:9-12

Altars:
Nemelex Xobeh

Shops:
D:4 [

Annotations:
D:9 Erolcha


Innate Abilities, Weirdness & Mutations

You are too large for most types of armour.
You have claws for hands.
Your natural rate of healing is unusually fast.
You are covered in fur. (AC +1)
You have tough skin. (AC +1)


Message History

The rakshasa shimmers and seems to become two!
The thrashing horror is lost in a daze. x2
The thrashing horror is lost in a daze. x5
The thrashing horror is lost in a daze. x4
The thrashing horror tramples you but does no damage.
The thrashing horror tramples you.
You hold your ground!
The thrashing horror misses you. The thrashing horror barely misses you.
The thrashing horror is lost in a daze. x2
The rakshasa weaves an illusion.
The thrashing horror shimmers and seems to become two!
The thrashing horror is no longer dazed. x4
The thrashing horror tramples you.
You hold your ground!
The thrashing horror tramples you but does no damage.
The thrashing horror tramples you!
* * * LOW HITPOINT WARNING * * *
You hold your ground!
The thrashing horror barely misses you.
You draw a card...
You have drawn the Tomb.
Walls emerge from the floor!
The thrashing horror barely misses you.
The thrashing horror tramples you but does no damage. x3
You draw a card...
You have drawn the Tomb.
Walls emerge from the floor!
The thrashing horror tramples you.
* * * LOW HITPOINT WARNING * * *
You stumble backwards!
The thrashing horror tramples you.
* * * LOW HITPOINT WARNING * * *
You hold your ground!
The thrashing horror closely misses you.
The thrashing horror tramples you!
* * * LOW HITPOINT WARNING * * *
You hold your ground!
The thrashing horror tramples you.
* * * LOW HITPOINT WARNING * * *
You hold your ground!
You draw a card...
You have drawn Velocity.
The rakshasa seems to slow down. x2
The thrashing horror barely misses you.
The thrashing horror tramples you but does no damage.
The thrashing horror barely misses you. The thrashing horror misses you.
The thrashing horror tramples you.
* * * LOW HITPOINT WARNING * * *
You hold your ground!
The thrashing horror misses you. The thrashing horror tramples you!
You die...
Your body glows slightly and disappears.

# ####§. . ###....#
###....
#.#....#####.......
#..........#...#..# $
.....#...#.#....### #
..##..#§XXX...#. #..##
#...#..X@§###........###
#.....#§###... . ... .
#...#..XRR#.... ......##
#...#..##..R.>.R.. ..#..
#. #.#...#..#R...###h.#
# #.......###.R...#...
..#
##.#.#..###........#.. .
#.#####.. . ....$.#h.#
## #.#...........#.. #..
#....#.... #
........###....#


You could see 3 rakshasas and 5 thrashing horrors.

Vanquished Creatures
  A two-headed ogre (D:9)
  A centaur warrior (D:9)
  Erica (D:8)
  Pikel (D:8)
  Sigmund (D:3)
  A fire bat (D:5)
  2 wyverns
  3 steam dragons
  Eustachio (D:5)
  An acid dragon (D:8)
  A water moccasin (D:6)
  2 ice beasts (D:6)
  3 sky beasts
  Pargi (Sewer)
  A black bear (D:8)
  An orc warrior (D:8)
  A necrophage (D:7)
  4 centaurs
  4 lemures (D:8)
  2 phantoms
  A kobold brigand (D:6)
  2 bullfrogs
  2 gnoll sergeants
  5 scorpions
  A wyvern skeleton (D:6)
  6 killer bees (D:9)
  2 howler monkeys (D:8)
  15 wights
  3 centaur zombies
  2 orc priests (D:7)
  3 bullfrog zombies
  3 hounds
  A jelly (D:5)
  A bullfrog skeleton (D:5)
  3 centaur skeletons
  5 iguanas
  An orc wizard (D:7)
  2 hound skeletons (D:4)
  Robin (D:3)
  9 gnolls
  A howler monkey skeleton (D:6)
  3 river rats
  13 adders
  A shadow imp (D:5)
  An ufetubus (D:6)
  A worm (D:5)
  2 dart slugs
  14 orcs
  7 endoplasms
  3 giant cockroaches
  11 goblins
  10 hobgoblins
  8 jackals
  13 kobolds
  A quokka (D:3)
  6 ball pythons
  5 bats
  4 frilled lizards
  9 rats
214 creatures vanquished.

Vanquished Creatures (others)
  A frilled lizard (Sewer)
1 creature vanquished.

Grand Total: 215 creatures vanquished

Notes
Turn   | Place    | Note
-------+----------+-------------------------------------------
     0 | D:1      | amateurhour the Troll Monk began the quest for the Orb.
     0 | D:1      | Reached XP level 1. HP: 22/22 MP: 0/0
   156 | D:1      | Reached XP level 2. HP: 29/29 MP: 1/1
   374 | D:1      | Found a faded altar of an unknown god.
   388 | D:1      | Prayed at the altar of an unknown god.
   388 | D:1      | Became a worshipper of Nemelex Xobeh the Trickster
   388 | D:1      | Reached * piety under Nemelex Xobeh
   388 | D:1      | Received a gift from Nemelex Xobeh
   388 | D:1      | Reached ** piety under Nemelex Xobeh
   388 | D:1      | Received a gift from Nemelex Xobeh
   443 | D:1      | Reached XP level 3. HP: 36/36 MP: 2/2
   731 | D:2      | Reached *** piety under Nemelex Xobeh
  1001 | D:2      | Received a gift from Nemelex Xobeh
  1194 | D:2      | Reached XP level 4. HP: 45/45 MP: 3/3
  1257 | D:2      | Reached skill level 4 in Unarmed Combat
  1353 | D:3      | Noticed Terence
  1354 | D:3      | Noticed Terence
  1354 | D:3      | Terence changed into Terence the river rat
  1360 | D:3      | Killed Terence the river rat
  1402 | D:3      | Received a gift from Nemelex Xobeh
  1407 | D:3      | Noticed Sigmund
  1409 | D:3      | Noticed Robin
  1412 | D:3      | Killed Sigmund
  1413 | D:3      | Reached skill level 5 in Unarmed Combat
  1413 | D:3      | Reached XP level 5. HP: 52/53 MP: 4/4
  1413 | D:3      | Reached XP level 6. HP: 59/61 MP: 5/5
  1422 | D:3      | Killed Robin
  1917 | D:4      | Received a gift from Nemelex Xobeh
  1918 | D:4      | Noticed a sky beast
  1930 | D:4      | Killed a sky beast
  1931 | D:4      | Reached skill level 6 in Unarmed Combat
  2097 | D:4      | Reached XP level 7. HP: 67/67 MP: 6/6
  2291 | D:4      | Found Ycuakiud's Armour Shoppe.
  2305 | D:4      | Reached **** piety under Nemelex Xobeh
  2430 | D:5      | Entered Level 5 of the Dungeon
  2528 | D:5      | Reached skill level 7 in Unarmed Combat
  2556 | D:5      | Noticed Eustachio
  2561 | D:5      | Killed Eustachio
  2589 | D:5      | Reached XP level 8. HP: 61/75 MP: 7/7
  2591 | D:5      | Received a gift from Nemelex Xobeh
  2592 | D:5      | Found a glowing drain.
  2620 | D:5      | Reached skill level 8 in Unarmed Combat
  2624 | Sewer    | Entered a sewer
  2646 | Sewer    | Noticed Pargi
  2657 | Sewer    | Killed Pargi
  3126 | D:5      | Reached skill level 9 in Unarmed Combat
  3333 | D:6      | Received a gift from Nemelex Xobeh
  3421 | D:6      | Reached skill level 5 in Dodging
  3580 | D:6      | Reached XP level 9. HP: 84/84 MP: 8/8
  4077 | D:6      | Reached skill level 10 in Unarmed Combat
  4560 | D:7      | Reached ***** piety under Nemelex Xobeh
  4583 | D:7      | Found a staircase to the Ecumenical Temple.
  4827 | D:7      | Received a gift from Nemelex Xobeh
  4877 | D:7      | Identified the +3 plate armour of Dithmenos's Generosity
                  | {rC+ Dex+2}
  5180 | D:8      | Noticed Erica
  5191 | D:8      | Killed Erica
  5192 | D:8      | Reached skill level 11 in Unarmed Combat
  5211 | D:8      | Reached XP level 10. HP: 44/94 MP: 9/9
  6156 | D:8      | Received a gift from Nemelex Xobeh
  6342 | D:8      | Noticed Pikel
  6347 | D:8      | Killed Pikel
  6348 | D:8      | Reached skill level 12 in Unarmed Combat
  6640 | D:9      | Noticed a two-headed ogre
  6643 | D:9      | Received a gift from Nemelex Xobeh
  6645 | D:9      | Killed a two-headed ogre
  6646 | D:9      | Reached skill level 1 in Armour
  6735 | D:9      | Noticed a centaur warrior
  6743 | D:9      | Killed a centaur warrior
  6744 | D:9      | Reached skill level 5 in Fighting
  6944 | D:9      | Noticed Erolcha
  6944 | D:9      | Cast into level 2 of the Abyss (Erolcha)
  6997 | Abyss:2  | Noticed a hell hog
  6999 | Abyss:2  | Noticed a hell hog
  7000 | Abyss:2  | Noticed a hell hog
  7001 | Abyss:2  | Noticed a thrashing horror
  7001 | Abyss:2  | Noticed a hell hog
  7002 | Abyss:2  | Noticed a thrashing horror
  7007 | Abyss:2  | Noticed a rakshasa
  7007 | Abyss:2  | a hell hog changed into a rakshasa
  7007 | Abyss:2  | Noticed a rakshasa
  7007 | Abyss:2  | a hell hog changed into a rakshasa
  7007 | Abyss:2  | Noticed a rakshasa
  7007 | Abyss:2  | a hell hog changed into a rakshasa
  7007 | Abyss:2  | Noticed a rakshasa
  7007 | Abyss:2  | a hell hog changed into a rakshasa
  7020 | Abyss:2  | Mangled by a thrashing horror

Illustrated notes

Levels and vault maps discovered:
D:1:      sevenhm_arrival_forest_fort_large_4, layout_loops_cross,
          hellmonk_ecumenical_altar_prayer_group, minmay_pentomino_w4
D:2:      layout_basic
D:3:      layout_rooms, uniq_terence, uniq_robin, uniq_sigmund
D:4:      layout_cave_pools, serial_shops, kennysheep_little_box
D:5:      layout_loops_ring, cheibrodos_sewer_entry_drain, uniq_eustachio
D:6:      layout_basic
D:7:      layout_loops_ring, minmay_temple_entry_butterflies
D:8:      layout_loops_cross, uniq_pikel, uniq_erica
D:9:      layout_loops_ring, minivault_4, uniq_erolcha
Abyss:2:  base:
D:4

Skill      XL: |  1  2  3  4  5  6  7  8  9 10 |
---------------+-------------------------------+-----
Fighting       | 3 4 5 |  5.0
Unarmed Combat | 5 6 7 9 11 12 | 12.8
Dodging        | 3 4 5 6 |  6.8
Stealth        | 2 3 |  3.7
Armour         | 2 |  2.2

Action                   |  1- 3 |  4- 6 |  7- 9 | 10-12 || total
-------------------------+-------+-------+-------+-------++-------
Melee: Unarmed           |   108 |    85 |   238 |   126 ||   557
       Punch             |     2 |     2 |     7 |     4 ||    15
Invok: Draw Destruction  |     2 |     8 |    16 |     7 ||    33
       Draw Escape       |       |       |     2 |     3 ||     5
  Use: Scroll            |       |       |       |    13 ||    13
 Stab: Sleeping          |     1 |     2 |     5 |     1 ||     9
       Distracted        |       |       |       |     1 ||     1
Armor: Robe              |    31 |    20 |    75 |    16 ||   142
       Acid dragon scale |       |       |       |    28 ||    28
Dodge: Dodged            |    46 |    32 |   146 |   105 ||   329

Table legend: (Time is in decaauts)
 A = Elapsed time spent in this place.
 B = Non-inter-level travel time spent in this place.
 C = Inter-level travel time spent in this place.
 D = Time resting spent in this place.
 E = Time spent auto-exploring this place.
 F = Levels seen in this place.
 G = Mean time per level.
                   A        B        C        D        E       F      G
               +--------+--------+--------+--------+--------+-----+--------+
         Total |   6981 |   6780 |    201 |    630 |   4784 |  11 |  634.6 |
       Dungeon |   6744 |   6543 |    201 |    630 |   4622 |   9 |  749.3 |
         Abyss |     75 |     75 |      0 |      0 |     51 |   1 |   75.0 |
         Sewer |    161 |    161 |      0 |      0 |    111 |   1 |  161.0 |
               +--------+--------+--------+--------+--------+-----+--------+

Top non-repeatable levels by time:
     D:6: 1152 daAuts
     D:8: 1150 daAuts
     D:7: 810 daAuts
     D:5: 705 daAuts
     D:2: 674 daAuts
     D:1: 670 daAuts
     D:3: 553 daAuts
     D:4: 515 daAuts
     D:9: 511 daAuts
   Sewer: 161 daAuts
 Abyss:2: 75 daAuts
